 Dungeon Crawl Stone Soup version 0.18.1-50-g88ac8fd (webtiles) character file.

441 Gargoyl the Distorting Demonspawn (level 6, -2/48 HPs)
             Began as a Demonspawn Abyssal Knight on Sept 21, 2016.
             Was a Believer of Lugonu.
             Slain by a sky beast (6 damage)
             ... on level 5 of the Dungeon.
             The game lasted 00:06:59 (3692 turns).

Gargoyl the Distorting Demonspawn (DsAK)            Turns: 3692, Time: 00:07:00

Health: -2/48      AC: 13    Str: 15    XL:     6   Next: 70%
Magic:  9/9        EV:  9    Int: 13    God:    Lugonu [**....]
Gold:   234        SH:  0    Dex: 12    Spells: 0 memorised, 5 levels left

rFire  . . .     SeeInvis .     a - +1 hand axe
rCold  . . .     Gourm    .     r - +0 chain mail
rNeg   . . .     Faith    .     (no shield)
rPois  .         Spirit   .     (helmet restricted)
rElec  .         Dismiss  .     (no cloak)
rCorr  .         Reflect  .     (no gloves)
SustAt .         Harm     .     (no boots)
MR     .....                    (no amulet)
Stlth  ..........               (no ring)
                                u - +4 ring of protection

@: not resistant to hostile enchantments, extremely unstealthy
A: antennae 1, repulsion field 1
a: Depart the Abyss, Bend Space, Renounce Religion


You were on level 5 of the Dungeon.
You worshipped Lugonu.
Lugonu was pleased with you.
You were not hungry.

You visited 1 branch of the dungeon, and saw 5 of its levels.
You visited the Abyss 1 time.

You collected 234 gold pieces.

Inventory:

Hand Weapons
 a - a +1 hand axe (weapon)
Armour
 r - a +0 chain mail (worn)
Jewellery
 u - a +4 ring of protection (left hand)
Wands
 f - a wand of lightning (0/15)
 y - a wand of iceblast (9/15)
 B - a wand of enslavement (11/24)
 C - a wand of acid (10/15)
Scrolls
 b - 3 scrolls of amnesia
 k - a scroll of magic mapping {unknown}
 n - a scroll of fear {unknown}
 o - 3 scrolls of identify
 q - a scroll of teleportation {unknown}
 t - 2 scrolls of immolation {unknown}
 z - a scroll of enchant weapon {unknown}
Potions
 d - 4 potions of curing {unknown}
 e - 2 potions of heal wounds {unknown}
 g - a potion of magic {unknown}
 i - a potion of haste {unknown}
 l - 3 potions of lignification {unknown}
 p - 3 potions of flight {unknown}
 s - a potion of resistance {unknown}
 v - a potion of mutation {unknown}
 w - a potion of cure mutation {unknown}
 A - a potion of ambrosia {unknown}
Books
 x - a book of Envenomations

   Spells                             Type                      Level
   a - Spider Form                    Transmutation/Poison         3
   b - Olgreb's Toxic Radiance        Poison                       4
   c - Alistair's Intoxication        Transmutation/Poison         5
   d - Poisonous Cloud                Conjuration/Poison/Air       6
Comestibles
 c - 4 bread rations
 h - a beef jerky
 j - 2 slices of pizza
 m - a meat ration
 D - 6 chunks of flesh


   Skills:
 + Level 4.1 Fighting
 + Level 2.9 Axes
 * Level 4.1 Armour
 + Level 2.2 Dodging
 * Level 4.6 Invocations
 + Level 0.2 Evocations


You had 5 spell levels left.
You didn't know any spells.

Dungeon Overview and Level Annotations

Branches:
Dungeon (5/15)
 Temple: D:4-7

Altars:
Makhleb
Nemelex Xobeh
Pakellas
Qazlal
Yredelemnul


Innate Abilities, Weirdness & Mutations

You have a pair of small antennae on your head.
You are surrounded by a mild repulsion field (EV +2).


Message History

The sky beast is lightly wounded.
The sky beast hits you but does no damage.
You miss the sky beast.
The sky beast is lightly wounded.
The sky beast hits you but does no damage.
You hit the sky beast but do no damage.
The sky beast is lightly wounded.
The sky beast barely misses you.
You hit the sky beast.
The sky beast is lightly wounded.
The sky beast hits you.
* * * LOW HITPOINT WARNING * * *
The sky beast shocks you.
* * * LOW HITPOINT WARNING * * *
You barely miss the sky beast.
The sky beast is lightly wounded.
The sky beast hits you.
* * * LOW HITPOINT WARNING * * *
The sky beast shocks you.
You die...

#. . #.......#
#.#.
.####..<....#
###...
............#
....#
+###........#
...# #.........
#..# #........#
#.####..+
+.....<..#
#......)#
#........#
#######@#
#...###.##
#Y###+###.....#.#
#...........#.#.#
#.......###.#.#.#
####.#### #.....#
#.# #.....# #.#
#.....# #.#
#.....# #.#
#.....#


You could see a sky beast.

Vanquished Creatures
  An ogre (D:5)
  A phantom (D:3)
  The ghost of veneficus the Charmwright, an amateur MfSk (D:3)
  Blork the orc (D:4)
  An iguana (D:5)
  2 howler monkey skeletons (D:4)
  An adder (D:3)
  An adder skeleton (D:5)
  A worm (D:2)
  2 dart slugs (D:1)
  3 giant geckos
  An orc (D:3)
  3 giant cockroaches
  5 goblins
  10 hobgoblins
  3 jackals (D:3)
  A quokka (D:2)
  5 bats
  4 giant newts
  6 kobolds
  A quokka skeleton (D:4)
  7 rats
61 creatures vanquished.

Notes
Turn   | Place    | Note
--------------------------------------------------------------
     0 | Abyss:1  | Gargoyl the Demonspawn Abyssal Knight began the quest for the Orb.
     0 | Abyss:1  | Reached XP level 1. HP: 18/18 MP: 2/2
   126 | Abyss:2  | Noticed a large abomination
   132 | Abyss:2  | Noticed an ancient zyme
   136 | Abyss:2  | Noticed a tentacled starspawn
   157 | Abyss:3  | Noticed a sun demon
   157 | Abyss:3  | Noticed a sun demon
   159 | Abyss:3  | Noticed a balrug
   159 | Abyss:3  | Noticed a red devil
   159 | Abyss:3  | Noticed a red devil
   159 | D:1      | Escaped the Abyss
   549 | D:1      | Reached * piety under Lugonu
   549 | D:1      | Gained mutation: You are surrounded by a mild repulsion field (EV +2). [demonic ancestry]
   549 | D:1      | Reached XP level 2. HP: 18/24 MP: 3/3
   679 | D:1      | Reached skill level 1 in Dodging
  1336 | D:2      | Reached XP level 3. HP: 29/29 MP: 4/4
  1679 | D:2      | Found a burning altar of Makhleb.
  1683 | D:2      | Reached ** piety under Lugonu
  1993 | D:3      | Noticed veneficus's ghost (amateur MfSk)
  2007 | D:3      | Killed veneficus's ghost
  2007 | D:3      | Gained mutation: You have a pair of small antennae on your head. [demonic ancestry]
  2007 | D:3      | Reached XP level 4. HP: 37/37 MP: 6/6
  2302 | D:3      | Reached XP level 5. HP: 28/42 MP: 7/7
  2503 | D:3      | Noticed a phantom
  2580 | D:3      | Killed a phantom
  2909 | D:4      | Noticed Blork the orc
  2923 | D:4      | Killed Blork the orc
  2923 | D:4      | Reached XP level 6. HP: 42/48 MP: 7/9
  3183 | D:4      | Found a stormy altar of Qazlal.
  3388 | D:4      | Found a basalt altar of Yredelemnul.
  3388 | D:4      | Found a sparkling altar of Nemelex Xobeh.
  3388 | D:4      | Found an oddly glowing altar of Pakellas.
  3471 | D:5      | Entered Level 5 of the Dungeon
  3679 | D:5      | Noticed a sky beast
  3692 | D:5      | Slain by a sky beast

Skill      XL: |  1  2  3  4  5  6 |
---------------+-------------------+-----
Armour         | 2 3 4 |  4.1
Axes           | 2 |  2.9
Dodging        | 1 2 |  2.2
Invocations    | 3 4 |  4.6
Fighting       | 4 |  4.1
Evocations     | |  0.2

Action                   |  1- 3 |  4- 6 || total
-------------------------+-------+-------++-------
Melee: Hand axe          |   142 |   185 ||   327
Invok: Depart the Abyss  |     1 |       ||     1
Evoke: Wand              |       |     9 ||     9
  Use: Scroll            |     4 |     1 ||     5
  Eat: Chunk             |     4 |     1 ||     5
       Fruit             |       |     4 ||     4
       Bread ration      |       |     1 ||     1
Armor: Leather armour    |    16 |       ||    16
       Ring mail         |     3 |       ||     3
       Chain mail        |    43 |   118 ||   161
Dodge: Dodged            |    76 |    90 ||   166
